 Dungeon Crawl Stone Soup version 0.22.1-6-g1668fe2 (webtiles) character file.

5334 doot the Destroyer (level 10, 0/58 HPs)
             Began as a Tengu Conjurer on Jan 22, 2019.
             Was a Priest of Vehumet.
             Slain by a killer bee (5 damage)
             ... on level 10 of the Dungeon.
             The game lasted 00:43:57 (13252 turns).

doot the Destroyer (Tengu Conjurer)                Turns: 13252, Time: 00:43:57

Health: 0/58       AC: 11    Str: 14    XL:     10   Next: 64%
Magic:  20/21      EV: 11    Int: 19    God:    Vehumet [***...]
Gold:   429        SH:  0    Dex: 14    Spells: 7/22 levels left

rFire    . . .     SeeInvis +   a - +1 scythe (venom)
rCold    + . .     Gourm    .   (shield currently unavailable)
rNeg     . . .     Faith    .   E - +3 scale mail
rPois    .         Spirit   .   (helmet restricted)
rElec    .         Reflect  .   D - scarf {repulsion}
rCorr    .         Harm     .   g - +0 pair of gloves
MR       .....                  (boots unavailable)
Stlth    +.........             (no amulet)
HPRegen  0.19/turn              C - ring of see invisible
MPRegen  0.17/turn              H - ring of protection from cold

@: mighty, lethally poisoned (0 -> -23), drained, repel missiles
A: beak, talons 3, able to fly 1
a: Fly, Renounce Religion


You were on level 10 of the Dungeon.
You worshipped Vehumet.
Vehumet was most pleased with you.
You were not hungry.

You visited 2 branches of the dungeon, and saw 11 of its levels.

You collected 664 gold pieces.
You spent 235 gold pieces at shops.

Inventory:

Hand Weapons
 a - a +1 scythe of venom (weapon)
 b - the +5 falchion of Trog's Supremacy {antimagic, +Fly rN+ Int+4}
   (You took it off a goblin on level 4 of the Dungeon)

   It reduces the magical energy of the wielder, and disrupts the spells and
   magical abilities of those hit.
   Natural abilities and divine invocations are not affected.
   It affects your intelligence (+4).
   It protects you from negative energy.
   It lets you fly.
 i - a +1 spear
Armour
 g - a +0 pair of gloves (worn)
 h - a -1 robe
 j - a +0 leather armour
 r - a +0 robe
 t - a +1 robe of resistance
 D - a scarf of repulsion (worn)
 E - a +3 scale mail (worn)
Jewellery
 C - a ring of see invisible (left hand)
 H - a ring of protection from cold (right hand)
Wands
 I - a wand of disintegration (11)
 J - a wand of random effects (23)
Scrolls
 d - 8 scrolls of teleportation
 f - 4 scrolls of identify
 m - 2 scrolls of enchant armour {unknown}
 p - 4 scrolls of remove curse
 s - a scroll of fog
 u - 3 scrolls of immolation {unknown}
 w - 3 scrolls of fear
 x - a scroll of brand weapon
 y - a scroll of magic mapping {unknown}
 B - a scroll of random uselessness {unknown}
 L - a scroll of amnesia {unknown}
Potions
 e - a potion of resistance {unknown}
 k - a potion of magic {unknown}
 l - 2 potions of might
 n - 2 potions of ambrosia {unknown}
 o - a potion of flight {unknown}
 q - a potion of agility {unknown}
 v - 2 potions of invisibility
 z - 2 potions of haste
 A - a potion of heal wounds {unknown}
 F - a potion of experience {unknown}
 G - a potion of mutation {unknown}
Comestibles
 c - 15 rations


   Skills:
 + Level 4.3(3.2) Fighting
 + Level 7.8(6.6) Polearms
 + Level 5.7(4.5) Armour
 + Level 5.2(4.1) Dodging
 + Level 4.0(2.9) Stealth
 + Level 6.9(5.7) Spellcasting
 + Level 10.9(9.5) Conjurations
 + Level 0.5(0.0) Hexes


You had 7 spell levels left.
You knew the following spells:

 Your Spells              Type           Power        Failure   Level  Hunger
a - Magic Dart            Conj           ####         1%          1    None
b - Searing Ray           Conj           #####.       1%          2    None
c - Fulminant Prism       Conj/Hex       ###.......   17%         4    ####...
d - Iskenderun's Mystic   Conj           #####...     2%          4    ####...
e - Force Lance           Conj/Tloc      ###.....     17%         4    ####...

Your spell library contained the following spells:

 Spells                   Type           Power        Failure   Level  Hunger
 Throw Flame              Conj/Fire      ###...       2%          2    None
 Dazzling Spray           Conj/Hex       ###...       5%          3    ##.....
 Corona                   Hex            #......      41%         1    None
 Ensorcelled Hibernation  Hex/Ice        #.....       56%         2    None
 Confuse                  Hex            #.......     80%         3    ##.....
 Tukima's Dance           Hex            #.......     80%         3    ##.....


Dungeon Overview and Level Annotations

Branches:
Dungeon (10/15)            Temple (1/1) D:7
   Lair: D:8-11         Orc: D:9-12

Altars:
Ashenzari
Cheibriados
Dithmenos
Elyvilon
Fedhas
Gozag
Hepliaklqana
Makhleb
Nemelex Xobeh
Okawaru
Qazlal
Ru
Sif Muna
Trog
Uskayaw
Vehumet
Wu Jian
Xom
Zin
The Shining One

Shops:
D:4 ?


Innate Abilities, Weirdness & Mutations

You have a beak for a mouth.
You have claws for feet.
You can fly.


Message History

* * * LOW HITPOINT WARNING * * *
You are more poisoned.
The killer bee poisons you!
The killer bee stings you but does no damage.
It was a potion of might.
You feel very mighty all of a sudden.
* * * LOW HITPOINT WARNING * * *
You feel sick. The killer bee barely misses you. The killer bee stings you.
* * * LOW HITPOINT WARNING * * *
The killer bee closely misses you.
The killer bee stings you but does no damage.
You slash the killer bee!
You kill the killer bee!
Vehumet accepts your kill.
* * * LOW HITPOINT WARNING * * *
You feel sick. The killer bee stings you.
* * * LOW HITPOINT WARNING * * *
You are more poisoned.
The killer bee poisons you! The killer bee stings you.
You die...

...##......)+)......>..
...........(#..........
............#..........
.##.......#..).......
####'####..<.......
##.......#..........
#........#..........
#........#..........
#.†@y....#..........
###+##...#..........
...y..yy.##+##.....#####
...y..y..# #.....#
.........# #.....#
.........# #.....#
.........# #.....#
.........# .........#


You could see a killer bee.

Vanquished Creatures
  2 trolls
  Prince Ribbit (D:6)
  Sigmund (D:4)
  A human (D:7)
  3 hogs (D:7)
  A water moccasin (D:10)
  An orc warrior (D:9)
  A black bear (D:8)
  A sky beast (D:9)
  2 ice beasts
  4 ogres
  7 bullfrogs
  4 big kobolds
  3 scorpions
  7 killer bees
  4 wights
  4 howler monkeys
  A crimson imp (D:7)
  A quasit (D:7)
  7 orc priests
  3 hounds
  3 jellies
  3 centaur skeletons
  13 orc wizards
  A bullfrog skeleton (D:4)
  Natasha (thrice) (D:4)
  7 worker ants
  8 gnolls
  3 worker ant zombies
  3 adders
  A shadow imp (D:6)
  2 adder skeletons
  4 worms
  3 dart slugs
  2 leopard geckos
  57 orcs
  5 giant cockroaches
  43 goblins
  26 hobgoblins
  2 iguanas
  9 jackals
  11 kobolds
  2 quokkas
  A ball python (D:4)
  4 bats
  6 frilled lizards
  11 rats
292 creatures vanquished.

Vanquished Creatures (others)
  5 fulminant prisms
5 creatures vanquished.

Grand Total: 297 creatures vanquished

Notes
Turn   | Place    | Note
-------+----------+-------------------------------------------
     0 | D:1      | doot the Tengu Conjurer began the quest for the Orb.
     0 | D:1      | Reached XP level 1. HP: 10/10 MP: 4/4
   146 | D:1      | Reached XP level 2. HP: 15/15 MP: 1/6
   295 | D:1      | Reached skill level 6 in Conjurations
   957 | D:1      | Learned a level 2 spell: Searing Ray
   960 | D:1      | Reached XP level 3. HP: 19/19 MP: 3/7
  1366 | D:2      | Noticed an ice beast
  1426 | D:2      | Found a shadowy altar of Dithmenos.
  1487 | D:2      | Found a hazy altar of Hepliaklqana.
  1612 | D:2      | Reached XP level 4. HP: 21/24 MP: 1/8
  1624 | D:2      | Learned a level 4 spell: Fulminant Prism
  1966 | D:2      | You fall through a shaft!
  1979 | D:4      | Noticed Sigmund
  2402 | D:3      | Gained mutation: You can fly. [Tengu growth]
  2402 | D:3      | Reached XP level 5. HP: 28/28 MP: 6/10
  2533 | D:3      | Reached skill level 7 in Conjurations
  2747 | D:4      | Found an ornate altar of the Wu Jian Council.
  2786 | D:4      | Reached skill level 1 in Polearms
  2786 | D:4      | Reached XP level 6. HP: 33/33 MP: 6/12
  2977 | D:4      | Found Tanaih's Magic Scroll Shoppe.
  2991 | D:4      | Found a shimmering altar of Xom.
  2995 | D:4      | Noticed Natasha
  3002 | D:4      | Killed Natasha
  3484 | D:3      | Reached skill level 1 in Fighting
  3575 | D:3      | Found a sparkling altar of Nemelex Xobeh.
  3650 | D:3      | Found a shimmering altar of Xom.
  3884 | D:4      | Reached XP level 7. HP: 24/38 MP: 9/14
  4099 | D:4      | Noticed Natasha
  4347 | D:3      | Reached skill level 1 in Armour
  4347 | D:3      | Reached skill level 8 in Conjurations
  4854 | D:4      | Got a dazzling falchion
  4855 | D:4      | Identified the +5 falchion of Trog's Supremacy {antimagic,
                  | +Fly rN+ Int+4} (You took it off a goblin on level 4 of the
                  | Dungeon)
  4909 | D:4      | Killed Sigmund
  5408 | D:4      | Killed Natasha
  5661 | D:4      | Noticed Natasha
  5697 | D:4      | Killed Natasha
  5852 | D:4      | Reached XP level 8. HP: 23/43 MP: 6/15
  6715 | D:4      | Bought a scroll of fear for 35 gold pieces
  6715 | D:4      | Bought a scroll of brand weapon for 200 gold pieces
  6753 | D:5      | Entered Level 5 of the Dungeon
  6951 | D:5      | Found a shimmering altar of Xom.
  7039 | D:5      | Reached skill level 9 in Conjurations
  7763 | D:5      | Reached skill level 5 in Spellcasting
  7904 | D:6      | Reached skill level 5 in Polearms
  7952 | D:6      | Noticed Prince Ribbit
  7969 | D:6      | Killed Prince Ribbit
  7969 | D:6      | Reached XP level 9. HP: 49/49 MP: 9/17
  7995 | D:6      | Learned a level 4 spell: Iskenderun's Mystic Blast
  8053 | D:6      | Found a white marble altar of Elyvilon.
  8381 | D:6      | Found a radiant altar of Vehumet.
  8384 | D:6      | Found an iron altar of Okawaru.
  8385 | D:6      | Found an opulent altar of Gozag.
  8385 | D:6      | Found a glowing golden altar of the Shining One.
  8398 | D:6      | Became a worshipper of Vehumet
  8564 | D:7      | Found a staircase to the Ecumenical Temple.
  8575 | Temple   | Entered the Ecumenical Temple
  8695 | D:7      | Noticed a troll
  8703 | D:7      | Killed a troll
  9223 | D:7      | Found an opulent altar of Gozag.
  9242 | D:7      | Noticed a two-headed ogre
  9593 | D:7      | Reached skill level 10 in Conjurations
  9884 | D:8      | Reached * piety under Vehumet
  9884 | D:8      | Offered knowledge of Shock by Vehumet.
  9997 | D:8      | Reached XP level 10. HP: 55/56 MP: 20/20
 10329 | D:8      | Learned a level 4 spell: Force Lance
 10345 | D:8      | Found a bloodstained altar of Trog.
 11013 | D:9      | Offered knowledge of Sting by Vehumet.
 11105 | D:9      | Reached ** piety under Vehumet
 11173 | D:9      | Reached skill level 5 in Armour
 11802 | D:9      | Found a blossoming altar of Fedhas.
 11918 | D:10     | Entered Level 10 of the Dungeon
 11935 | D:9      | Reached skill level 5 in Dodging
 13000 | D:10     | Offered knowledge of Throw Flame by Vehumet.
 13077 | D:10     | Reached *** piety under Vehumet
 13252 | D:10     | Slain by a killer bee

Skill      XL: |  1  2  3  4  5  6  7  8  9 10 |
---------------+-------------------------------+-----
Conjurations   | 6 7 8 9 10 | 10.9
Spellcasting   | 3 4 5 6 |  6.9
Polearms       | 1 2 5 7 |  7.8
Fighting       | 1 2 3 4 |  4.3
Armour         | 2 4 5 |  5.7
Dodging        | 3 4 5 |  5.2
Stealth        | 3 4 |  4.0
Hexes          | |  0.5

Action                   |  1- 3 |  4- 6 |  7- 9 | 10-12 || total
-------------------------+-------+-------+-------+-------++-------
Melee: Spear             |    28 |    27 |    10 |       ||    65
       Kick              |     9 |     4 |    16 |    21 ||    50
       Peck              |     4 |     2 |     6 |    12 ||    24
       Scythe            |       |       |   104 |    92 ||   196
       Falchion          |       |       |     1 |       ||     1
 Cast: Magic Dart        |    55 |    47 |   133 |    41 ||   276
       Searing Ray       |     3 |    20 |    28 |    15 ||    66
       Fulminant Prism   |       |       |     4 |     1 ||     5
       Iskenderun's Myst |       |       |     5 |    16 ||    21
       Force Lance       |       |       |       |     1 ||     1
  Use: Scroll            |     2 |     5 |     1 |       ||     8
       Potion            |       |       |     2 |     1 ||     3
 Stab: Sleeping          |     3 |     1 |     2 |       ||     6
  Eat: Chunk             |     3 |     6 |    19 |    14 ||    42
       Ration            |       |       |     1 |       ||     1
Armor: Robe              |     3 |     6 |    18 |       ||    27
       Leather armour    |       |    10 |     5 |       ||    15
       Scale mail        |       |       |    43 |   114 ||   157
Dodge: Dodged            |    10 |    33 |   147 |   121 ||   311
       Deflected         |       |       |     4 |       ||     4
       Rpst.: Falchion   |       |       |     2 |       ||     2
